 Dungeon Crawl Stone Soup version 0.19.5 (webtiles) character file.

41118 equalderp2856 the Ripper (level 13, -14/61 HPs)
             Began as a Felid Fighter on Mar 12, 2017.
             Shot with an arrow by a deep elf archer (27 damage)
             ... on level 1 of the Elven Halls.
             The game lasted 02:51:27 (45669 turns).

equalderp2856 the Ripper (Felid Fighter)           Turns: 45669, Time: 02:51:30

Health: -14/61     AC:  3    Str: 18    XL:     13   Next: 78%
Magic:  25/26      EV: 30    Int: 13    God:
Gold:   1295       SH:  0    Dex: 20    Spells: 9 memorised, 11 levels left
                                        Lives:  0   Deaths: 3

rFire  . . .     SeeInvis +       - Unarmed
rCold  + . .     Gourm    .     (armour unavailable)
rNeg   . . .     Faith    .     (shield unavailable)
rPois  .         Spirit   .     (helmet unavailable)
rElec  .         Reflect  .     (cloak unavailable)
rCorr  .         Harm     .     (gloves unavailable)
MR     +....                    (boots unavailable)
Stlth  +++++++...               h - amulet of rage
                                o - +4 ring of dexterity
                                I - +5 ring of strength

@: lethally poisoned (-14 -> -48), about to teleport, studying 2 skills, quick
A: no armour, no weapons or thrown items, stealth, claws 1, fangs 3, see
invisible, carnivore 3, speed 1, shaggy fur 3, slow metabolism 1, sharp paws
a: Evoke Berserk Rage


You were on level 1 of the Elven Halls.
You were hungry.

You visited 5 branches of the dungeon, and saw 24 of its levels.
You also visited: Labyrinth and Ice Cave.

You collected 1973 gold pieces.
You spent 678 gold pieces at shops.

Inventory:

Missiles
 S - 162 arrows
Jewellery
 d - an uncursed amulet of magic regeneration
 e - an uncursed ring of positive energy
 g - a +4 ring of intelligence
 h - an amulet of rage (around neck)
 o - a +4 ring of dexterity (right paw)
 I - a +5 ring of strength (left paw)
 J - an uncursed ring of positive energy
 P - an uncursed ring of magical power
 T - an uncursed ring of protection from magic
 Z - the ring "Imajoseon" {rC+ Int+3 Slay+2}
   (You found it on level 1 of the Lair of Beasts)

   [ring of intelligence]

   It affects your intelligence (+3).
   It affects your accuracy and damage with ranged weapons and melee attacks
   (+2).
   It protects you from cold.
Wands
 f - a wand of flame (29/48)
 q - a wand of digging (19/24)
 s - a wand of confusion (19/48)
 x - a wand of disintegration (0/24)
 C - a wand of teleportation (6/9)
 E - a wand of paralysis (3/24)
Scrolls
 i - a scroll of teleportation
 m - 2 scrolls of identify
 A - 4 scrolls of fear
 B - 3 scrolls of recharging
 D - 6 scrolls of remove curse
 F - 3 scrolls of fog
 L - 2 scrolls of magic mapping
 X - a scroll of amnesia
Potions
 a - 3 potions of might
 c - a potion of magic
 l - a potion of agility
 n - a potion of curing
 t - 2 potions of resistance
 G - 4 potions of haste
 H - a potion of berserk rage
 N - a potion of cancellation
 O - 4 potions of flight
 Q - a potion of brilliance {unknown}
 W - 2 potions of mutation
Books
 j - a manual of Fighting
 k - a book of Ice

   Spells                             Type                      Level
   a - Ice Form                       Ice/Transmutation            4
   b - Metabolic Englaciation         Hexes/Ice                    5
   c - Ozocubu's Refrigeration        Ice                          6
   d - Bolt of Cold                   Conjuration/Ice              6
   e - Freezing Cloud                 Conjuration/Ice/Air          6
   f - Simulacrum                     Ice/Necromancy               6
 r - a book of Maledictions

   Spells                             Type                      Level
   a - Corona                         Hexes                        1
   b - Ensorcelled Hibernation        Hexes/Ice                    2
   c - Confuse                        Hexes                        3
   d - Tukima's Dance                 Hexes                        3
   e - Dazzling Spray                 Conjuration/Hexes            3
 u - a manual of Fighting
 v - a book of Clouds

   Spells                             Type                      Level
   a - Mephitic Cloud                 Conjuration/Poison/Air       3
   b - Conjure Flame                  Conjuration/Fire             3
   c - Poisonous Cloud                Conjuration/Poison/Air       6
   d - Freezing Cloud                 Conjuration/Ice/Air          6
   e - Ring of Flames                 Charms/Fire                  7
 w - a book of Cantrips

   Spells                             Type                      Level
   a - Confusing Touch                Hexes                        1
   b - Animate Skeleton               Necromancy                   1
   c - Summon Small Mammal            Summoning                    1
   d - Apportation                    Translocation                1
 y - a book of the Sky

   Spells                             Type                      Level
   a - Summon Lightning Spire         Summoning/Air                4
   b - Airstrike                      Air                          4
   c - Silence                        Hexes/Air                    5
   d - Deflect Missiles               Charms/Air                   6
   e - Conjure Ball Lightning         Conjuration/Air              6
   f - Tornado                        Air                          9
 z - a manual of Charms
 K - a book of Enchantments

   Spells                             Type                      Level
   a - Cause Fear                     Hexes                        4
   b - Yara's Violent Unravelling     Hexes/Transmutation          5
   c - Silence                        Hexes/Air                    5
   d - Deflect Missiles               Charms/Air                   6
   e - Discord                        Hexes                        8
 R - a book of Changes

   Spells                             Type                      Level
   a - Beastly Appendage              Transmutation                1
   b - Sticks to Snakes               Transmutation                2
   c - Spider Form                    Transmutation/Poison         3
   d - Ice Form                       Ice/Transmutation            4
   e - Blade Hands                    Transmutation                5
 U - a book of Conjurations

   Spells                             Type                      Level
   a - Magic Dart                     Conjuration                  1
   b - Searing Ray                    Conjuration                  2
   c - Dazzling Spray                 Conjuration/Hexes            3
   d - Fulminant Prism                Conjuration/Hexes            4
   e - Iskenderun's Mystic Blast      Conjuration                  4
   f - Iskenderun's Battlesphere      Conjuration/Charms           5
 V - a book of Power

   Spells                             Type                      Level
   a - Fulminant Prism                Conjuration/Hexes            4
   b - Iskenderun's Mystic Blast      Conjuration                  4
   c - Venom Bolt                     Conjuration/Poison           5
   d - Bolt of Magma                  Conjuration/Fire/Earth       5
   e - Iron Shot                      Conjuration/Earth            6
   f - Orb of Destruction             Conjuration                  7
   g - Spellforged Servitor           Conjuration/Summoning        7
Miscellaneous
 Y - a sack of spiders
Comestibles
 b - 6 meat rations
 p - 10 slices of pizza
 M - 3 beef jerkies


   Skills:
 - Level 10.2 Fighting
 - Level 12.3 Dodging
 - Level 14.8 Stealth
 - Level 17.1 Unarmed Combat
 + Level 8.0 Spellcasting
 + Level 1.1 Conjurations
 * Level 3.0 Hexes
 + Level 2.8 Charms
 + Level 1.7 Summonings
 - Level 6.0 Transmutations
 + Level 1.3 Ice Magic
 - Level 1.9 Evocations


You had 11 spell levels left.
You knew the following spells:

 Your Spells              Type           Power        Failure   Level  Hunger
a - Sticks to Snakes      Tmut           ###.....     1%          2    None
b - Magic Dart            Conj           #...         10%         1    None
c - Dazzling Spray        Conj/Hex       ##....       17%         3    ##.....
d - Confusing Touch       Hex            ##....       4%          1    None
e - Corona                Hex            ##.....      4%          1    None
f - Ensorcelled Hibernat  Hex/Ice        ##....       10%         2    None
g - Confuse               Hex            ##......     12%         3    ##.....
h - Conjure Flame         Conj/Fire      #.......     34%         3    ##.....
i - Summon Small Mammal   Summ           #...         10%         1    None


Dungeon Overview and Level Annotations

Branches:
Dungeon (13/15)            Temple (1/1) D:7            Lair (6/6) D:9
 Shoals (0/4) Lair:4       Spider (0/4) Lair:4        Slime (0/5) Lair:5
    Orc (2/2) D:12            Elf (2/3) Orc:2        Vaults (0/5) D:13

Altars:
Ashenzari
Cheibriados
Dithmenos
Elyvilon
Fedhas
Gozag
Hepliaklqana
Kikubaaqudgha
Makhleb
Nemelex Xobeh
Okawaru
Qazlal
Ru
Sif Muna
Trog
Uskayaw
Vehumet
Xom
Yredelemnul
Zin
The Shining One
Beogh
Jiyva

Shops:
Orc:2 [:((   Elf:1 !}(

Annotations:
D:6 feelmyfire's ghost, novice VSEn
D:10 feelmyfire's ghost, novice VSEn
Lair:4 Snorg
Lair:5 Kirke


Innate Abilities, Weirdness & Mutations

You cannot wear armour.
You are incapable of wielding weapons or throwing items.
Your paws allow you to move quietly. (Stealth)
You have sharp claws.
You have razor-sharp teeth.
You have supernaturally acute eyesight. (SInv)
You are carnivorous and can eat meat at any time.
You cover ground quickly.
Your thick and shaggy fur keeps you warm. (AC +3, rC+)
You have a slow metabolism.
Your sharp claws are effective at attacking unaware monsters.


Message History

The short sword of venom hits you!
You are lethally poisoned!
You feel very sick.
There is an open door here.
You scratch the short sword of venom but do no damage.
Your paws stop glowing.
You feel very sick.
The short sword of venom completely misses you.
You closely miss the short sword of venom.
You feel sick.
The short sword of venom completely misses you.
The short sword of venom hits you!
* * * LOW HITPOINT WARNING * * *
As you read the scroll of teleportation, it crumbles to dust.
You feel strangely unstable.
* * * LOW HITPOINT WARNING * * *
You feel very sick.
The deep elf archer blinks!
The short sword of venom misses you.
The deep elf archer shoots an arrow.
The arrow hits you!!
You die...

.......###.##
######+##.###.#
######.#
##.###...#+##
## #.# # #.#
##+#.....## #.
# #.#
##e......#### #
#.#
#.......'... #
#.#
#.......#### #
#.# ##.....## #
#.# ##...#'# ##
#.# ##@###.#
.## #.# #(# #'#
#.## #.# #ยง#
#.. ##.###'###
#.# .....
##'...).# #.#
....
####.....## #.#
.....
#.....(...# #.#
.....
#.#.......# #.#
....
..........##
#.# #e.


You could see a deep elf archer and a short sword of venom.

Vanquished Creatures
  Rupert (Lair:4)
  An orc warlord (D:12)
  A minotaur (Lab)
  The ghost of Sagrath01 the Cruncher, a journeyman DsWz of Okawaru (Orc:1)
  A hydra (Lair:1)
  Erolcha (Orc:1)
  A centaur warrior (Orc:2)
  2 dancing weapons (Elf:1)
  An orc high priest (Orc:1)
  3 deep elf knights
  Nergalle (Lair:2)
  A skeletal warrior (D:11)
  2 unseen horrors
  3 hill giants
  2 deep elf archers (Elf:1)
  A necromancer (IceCv)
  An orc knight (Orc:1)
  2 orc sorcerers (Orc:1)
  14 deep elf magi (Elf:1)
  A cyclops (D:12)
  3 ugly things
  A black mamba (Lair:4)
  Maurice (D:8)
  4 elephants
  3 ice statues (IceCv)
  A water nymph (Lair:4)
  4 kobold demonologists
  6 spiny frogs
  2 rime drakes
  An efreet (D:12)
  3 komodo dragons
  7 ice devils
  6 trolls
  Grinder (D:3)
  2 hornets
  5 slime creatures (D:12)
  A merfolk (Lair:4)
  2 two-headed ogres (D:12)
  Prince Ribbit (D:7)
  12 blink frogs
  11 hippogriffs
  A shadow (D:9)
  Sigmund (D:4)
  2 air elementals (Elf:1)
  3 water elementals (Elf:1)
  A human (D:10)
  4 redbacks (Lair:4)
  22 yaks
  2 wyverns (D:10)
  A steam dragon (D:11)
  2 wraiths
  9 hungry ghosts
  A hog (Lair:5)
  4 basilisks
  6 wargs
  A mottled dragon (D:11)
  7 water moccasins
  Duvessa (D:7)
  7 porcupines
  42 orc warriors
  A hornet zombie (D:6)
  4 ice beasts
  3 sky beasts
  5 black bears
  An eye of draining (D:12)
  A necrophage (D:12)
  7 ogres
  2 phantoms
  14 centaurs
  11 crocodiles
  Blork the orc (D:4)
  A big kobold (D:11)
  12 bullfrogs
  A wyvern zombie (D:12)
  An earth elemental (Elf:1)
  Dowan (D:7)
  9 scorpions
  6 killer bees
  8 howler monkeys
  10 crimson imps
  2 electric eels
  3 bullfrog zombies
  A draconian simulacrum (IceCv)
  7 centaur zombies
  A centaur skeleton (D:6)
  2 hounds
  A jelly (shapeshifter) (Elf:1)
  3 jellies
  A gnoll shaman (D:7)
  8 orc priests
  A bullfrog skeleton (D:13)
  3 iguanas
  20 orc wizards
  8 worker ants
  A killer bee zombie (D:6)
  3 troll simulacra (IceCv)
  A centaur simulacrum (IceCv)
  A hound zombie (D:6)
  A hound skeleton (D:6)
  5 worker ant zombies
  Robin (D:4)
  A howler monkey zombie (D:11)
  12 adders
  8 gnolls
  2 naga simulacra (IceCv)
  3 ogre simulacra (IceCv)
  5 shadow imps
  An ooze (D:2)
  An adder zombie (D:6)
  4 worms
  4 dart slugs
  4 leopard geckos
  94 orcs
  2 giant cockroaches
  18 goblins
  12 hobgoblins
  8 jackals
  6 kobolds
  3 quokkas
  2 ball pythons
  11 bats
  5 frilled lizards
  A giant cockroach zombie (D:6)
  A leopard gecko skeleton (D:6)
  A leopard gecko zombie (D:6)
  A quokka skeleton (D:6)
  2 quokka zombies
  9 rats
  A butterfly (Lair:1)
  2 fungi (D:9)
632 creatures vanquished.

Vanquished Creatures (collateral kills)
  A hydra (Lair:3)
  A spiny frog (Lair:3)
  An orc warrior (Orc:1)
  A centaur (Orc:2)
  2 orcs
6 creatures vanquished.

Vanquished Creatures (others)
  An orc knight (Orc:2)
  An orc wizard (Orc:1)
  15 fungi
  3 plants
20 creatures vanquished.

Grand Total: 658 creatures vanquished

Notes
Turn   | Place    | Note
-------+----------+-------------------------------------------
     0 | D:1      | equalderp2856 the Felid Fighter began the quest for the Orb.
     0 | D:1      | Reached XP level 1. HP: 10/10 MP: 2/2
   210 | D:1      | Reached XP level 2. HP: 14/14 MP: 3/3
   560 | D:1      | You fall through a shaft!
   803 | D:2      | Reached XP level 3. HP: 10/17 MP: 4/4
  1674 | D:2      | Reached skill level 1 in Stealth
  2395 | D:2      | Reached XP level 4. HP: 20/21 MP: 5/5
  2795 | D:3      | Noticed Grinder
  2813 | D:4      | Noticed Sigmund
  2847 | D:2      | Reached skill level 5 in Unarmed Combat
  3468 | D:3      | Reached XP level 5. HP: 24/24 MP: 6/6
  3720 | D:3      | HP: 1/24 [Grinder (9)]
  3723 | D:3      | Killed Grinder
  3723 | D:3      | Reached skill level 5 in Dodging
  3723 | D:3      | Reached skill level 6 in Unarmed Combat
  3723 | D:3      | Gained mutation: You are covered in thick fur. (AC +2) [Felid growth]
  3723 | D:3      | Reached XP level 6. HP: 1/28 MP: 7/7
  4066 | D:5      | Entered Level 5 of the Dungeon
  4387 | D:5      | Reached XP level 7. HP: 30/31 MP: 8/8
  4689 | D:5      | Killed from afar by an orc priest
  4690 | D:5      | Reached XP level 6. HP: 0/28 MP: 7/7
  4864 | D:4      | Noticed Robin
  4864 | D:4      | Reached skill level 7 in Unarmed Combat
  5091 | D:4      | Reached skill level 5 in Stealth
  5218 | D:4      | Reached XP level 7. HP: 31/31 MP: 8/8
  5290 | D:4      | Killed Robin
  5556 | D:4      | Noticed Blork the orc
  5565 | D:4      | Killed Blork the orc
  5691 | D:4      | Killed Sigmund
  5691 | D:4      | Reached skill level 8 in Unarmed Combat
  6738 | D:6      | Reached XP level 8. HP: 36/36 MP: 9/9
  6866 | D:6      | Noticed feelmyfire's ghost (novice VSEn)
  6869 | D:6      | Reached skill level 9 in Unarmed Combat
  7379 | D:7      | HP: 1/36 [centaur/arrow (8)]
  7386 | D:7      | HP: 1/36 [centaur/arrow (13)]
  7843 | D:7      | Found a staircase to the Ecumenical Temple.
  7945 | Temple   | Entered the Ecumenical Temple
  8209 | D:7      | Noticed a hippogriff
  8210 | D:7      | Noticed a hornet
  8556 | D:7      | Noticed Prince Ribbit
  8572 | D:7      | Killed Prince Ribbit
  8572 | D:7      | Reached skill level 10 in Unarmed Combat
  8636 | D:7      | Reached XP level 9. HP: 15/39 MP: 10/10
  8941 | D:7      | Noticed Duvessa
  9881 | D:7      | Noticed Dowan
 10663 | D:6      | Found a snail-covered altar of Cheibriados.
 11360 | D:8      | Reached skill level 11 in Unarmed Combat
 12340 | D:8      | Noticed Maurice
 12382 | D:8      | Killed Maurice
 12992 | D:9      | Reached XP level 10. HP: 37/43 MP: 11/11
 13538 | D:8      | Reached skill level 12 in Unarmed Combat
 13939 | D:9      | Found a hide-covered altar of Uskayaw.
 14389 | D:9      | Found a staircase to the Lair.
 14858 | D:10     | Entered Level 10 of the Dungeon
 14858 | D:10     | Noticed feelmyfire's ghost (novice VSEn)
 15294 | D:10     | Reached skill level 10 in Stealth
 15525 | D:10     | Reached skill level 13 in Unarmed Combat
 15541 | D:10     | Reached skill level 10 in Dodging
 16494 | D:11     | Noticed an unseen horror
 16500 | D:11     | Killed an unseen horror
 16500 | D:11     | Reached XP level 11. HP: 46/46 MP: 12/12
 16639 | D:11     | Noticed a skeletal warrior
 16640 | D:11     | Noticed a brown ugly thing
 16664 | D:11     | Killed a brown ugly thing
 16664 | D:11     | Reached skill level 5 in Fighting
 16702 | D:11     | Noticed a hill giant
 16735 | D:11     | Killed a hill giant
 16735 | D:11     | Reached skill level 1 in Evocations
 17208 | D:12     | Noticed an unseen horror
 17215 | D:12     | Killed an unseen horror
 17470 | D:12     | Learned a level 2 spell: Sticks to Snakes
 18426 | D:12     | Noticed a death knight
 18429 | D:12     | Reached skill level 14 in Unarmed Combat
 18429 | D:12     | Reached skill level 1 in Spellcasting
 18676 | D:12     | Found a staircase to the Orcish Mines.
 18749 | D:12     | Noticed a hill giant
 19691 | D:7      | Killed Duvessa
 19692 | D:7      | Paralysed by a hornet for 1 turns
 19693 | D:7      | Reached skill level 1 in Transmutations
 19700 | D:7      | Killed Dowan
 20487 | D:11     | Found a runed door.
 21513 | D:13     | Noticed a purple ugly thing
 21614 | D:12     | Killed a purple ugly thing
 21836 | D:13     | Noticed a hill giant
 21843 | D:13     | Killed a hill giant
 21924 | D:13     | Noticed a green ugly thing
 21979 | D:13     | Killed a green ugly thing
 21979 | D:13     | Gained mutation: Your thick and shaggy fur keeps you warm. (AC +3, rC+) [Felid growth]
 21979 | D:13     | Reached XP level 12. HP: 19/51 MP: 11/16
 22398 | D:13     | Found a gate to the Vaults.
 22399 | D:13     | Noticed a yaktaur captain
 22776 | Lair:1   | Entered Level 1 of the Lair of Beasts
 22873 | Lair:1   | Noticed a five-headed hydra
 23102 | Lair:1   | Got a crude marble ring
 23132 | Lair:1   | Identified the ring "Imajoseon" {rC+ Int+3 Slay+2} (You found it on level 1 of the Lair of Beasts)
 24402 | Lair:1   | Killed a five-headed hydra
 24402 | Lair:1   | Reached skill level 15 in Unarmed Combat
 24793 | Lair:2   | Noticed Nergalle
 25645 | Lair:2   | Killed Nergalle
 26046 | Lair:3   | Learned a level 1 spell: Magic Dart
 26050 | Lair:3   | Learned a level 3 spell: Dazzling Spray
 26528 | Lair:3   | Noticed a six-headed hydra
 27237 | Lair:4   | Reached skill level 5 in Transmutations
 27268 | Lair:4   | Noticed Snorg
 27323 | Lair:4   | Found a hole to the Spider Nest.
 27452 | Lair:4   | Found a frozen archway.
 27488 | IceCv    | Entered an ice cave
 28017 | IceCv    | Reached XP level 13. HP: 55/55 MP: 13/21
 28343 | IceCv    | Identified 3 scrolls of acquirement
 28627 | Lair:4   | Slain by a porcupine
 28628 | Lair:4   | Reached XP level 12. HP: -4/51 MP: 18/20
 28640 | Lair:4   | Reached skill level 5 in Spellcasting
 29664 | Lair:4   | Noticed a catoblepas
 29795 | Lair:3   | Killed a six-headed hydra
 29795 | Lair:3   | Reached skill level 16 in Unarmed Combat
 29980 | Lair:3   | HP: 2/51 [poisoned by a spiny frog]
 30728 | Lair:4   | Noticed Rupert
 30732 | Lair:4   | Killed Rupert
 30788 | Lair:4   | Found a staircase to the Shoals.
 31309 | Lair:5   | Noticed Kirke
 31728 | Lair:5   | Noticed an eight-headed hydra
 31748 | Lair:6   | Entered Level 6 of the Lair of Beasts
 31750 | Lair:6   | Noticed a death yak
 31757 | Lair:5   | Found a staircase to the Slime Pits.
 31757 | Lair:5   | Found a viscous altar of Jiyva.
 31889 | Lair:5   | Noticed an eight-headed hydra
 32792 | Lair:5   | Slain by a harpy
 32793 | Lair:5   | Reached XP level 11. HP: 0/48 MP: 21/21
 33306 | D:11     | Noticed a hill giant
 33307 | D:11     | Found a roughly hewn altar of Beogh.
 33642 | D:11     | Killed a hill giant
 33676 | D:11     | Reached XP level 12. HP: 20/52 MP: 22/22
 34342 | D:13     | Found a stormy altar of Qazlal.
 34395 | D:13     | Noticed a seven-headed hydra
 35497 | Orc:1    | Entered Level 1 of the Orcish Mines
 35500 | Orc:1    | Noticed Sagrath01's ghost (journeyman DsWz)
 35880 | Orc:1    | Killed Sagrath01's ghost
 36135 | Orc:2    | Entered Level 2 of the Orcish Mines
 36150 | Orc:2    | Found a labyrinth entrance.
 36445 | Lab      | Entered a labyrinth
 37243 | Lab      | Noticed a minotaur
 37268 | Lab      | Killed a minotaur
 37351 | Orc:2    | Noticed a centaur warrior
 37537 | Orc:2    | Found a staircase to the Elven Halls.
 37680 | Orc:2    | Killed a centaur warrior
 37716 | Orc:1    | Noticed Erolcha
 38067 | Orc:1    | Killed Erolcha
 39331 | Orc:2    | Found Idwiu's Antique Weapon Shop.
 39331 | Orc:2    | Found Zequfo's Book Emporium.
 39333 | Orc:2    | Found Ahuu's Antique Armour Shoppe.
 39668 | Orc:1    | Noticed an orc high priest
 39686 | Orc:1    | Noticed an orc warlord
 40204 | D:12     | Reached XP level 13. HP: 42/55 MP: 25/25
 40659 | D:12     | Killed an orc warlord
 40659 | D:12     | Reached skill level 17 in Unarmed Combat
 41187 | Orc:2    | Found Feqesero's Weapon Boutique.
 42044 | Elf:1    | Entered Level 1 of the Elven Halls
 42164 | Elf:1    | Found Butol's Distillery.
 42164 | Elf:1    | Found Jekkuogg's Book Shop.
 42164 | Elf:1    | Found Poafug's Weapon Shop.
 42165 | Elf:1    | Found Koam Eraro's Gadget Shop.
 42192 | Elf:1    | Bought a potion of curing for 48 gold pieces
 42899 | Elf:1    | HP: 1/60 [deep elf mage/bolt of fire (32)]
 43559 | Orc:2    | Bought a book of Maledictions for 350 gold pieces
 43591 | Orc:2    | Bought a book of Cantrips for 280 gold pieces
 43658 | Orc:2    | Learned a level 1 spell: Confusing Touch
 43660 | Orc:2    | Learned a level 1 spell: Corona
 43663 | Orc:2    | Learned a level 2 spell: Ensorcelled Hibernation
 43667 | Orc:2    | Learned a level 3 spell: Confuse
 43671 | Orc:2    | Learned a level 3 spell: Conjure Flame
 43673 | Orc:2    | Learned a level 1 spell: Summon Small Mammal
 44609 | Elf:1    | Reached skill level 10 in Fighting
 44733 | Elf:1    | Reached skill level 1 in Hexes
 44780 | Elf:1    | Reached skill level 1 in Charms
 44780 | Elf:1    | Reached skill level 1 in Ice Magic
 44792 | Elf:1    | Reached skill level 1 in Conjurations
 44792 | Elf:1    | Reached skill level 1 in Summonings
 45669 | Elf:1    | Shot with an arrow by a deep elf archer

Skill      XL: |  1  2  3  4  5  6  7  8  9 10 11 12 13 |
---------------+----------------------------------------+-----
Stealth        | 1 3 4 5 6 7 8 10 12 14 | 14.8
Unarmed Combat | 5 6 7 8 10 11 13 14 16 17 | 17.1
Dodging        | 5 6 7 9 10 12 | 12.3
Fighting       | 4 5 6 10 | 10.2
Evocations     | 1 |  1.9
Spellcasting   | 2 7 8 |  8.0
Transmutations | 3 6 |  6.0
Hexes          | 3 |  3.0
Charms         | 2 |  2.8
Ice Magic      | 1 |  1.3
Conjurations   | 1 |  1.1
Summonings     | 1 |  1.7

Action                   |  1- 3 |  4- 6 |  7- 9 | 10-12 | 13-15 || total
-------------------------+-------+-------+-------+-------+-------++-------
Melee: Unarmed           |   105 |   122 |   416 |  1246 |   287 ||  2176
       Bite              |    11 |    12 |    58 |   185 |    46 ||   312
       Punch             |     4 |     6 |    26 |   113 |    25 ||   174
 Cast: Sticks to Snakes  |       |       |       |   182 |    19 ||   201
       Magic Dart        |       |       |       |     1 |       ||     1
       Dazzling Spray    |       |       |       |     1 |       ||     1
       Confusing Touch   |       |       |       |       |    17 ||    17
Evoke: Wand              |       |       |       |    22 |       ||    22
  Use: Scroll            |       |       |     9 |    24 |     8 ||    41
       Potion            |       |       |     4 |     7 |     1 ||    12
 Stab: Sleeping          |     6 |     9 |     9 |    72 |     4 ||   100
       Distracted        |     1 |       |     2 |    11 |     6 ||    20
       Paralysed         |       |       |       |     5 |       ||     5
       Confused          |       |       |       |       |     6 ||     6
  Eat: Chunk             |     9 |     3 |    11 |    50 |       ||    73
       Pizza             |       |       |     3 |     3 |       ||     6
       Meat ration       |       |       |       |     1 |     1 ||     2
       Royal jelly       |       |       |       |     1 |       ||     1
Armor: Skin              |     9 |     5 |    15 |    24 |     6 ||    59
Dodge: Dodged            |    81 |   126 |   342 |  1102 |   200 ||  1851
